 Dungeon Crawl Stone Soup version 0.31.0-12-g77e489cdc1 (webtiles) character file.

Game seed: 14020620126637825568

224 PriceMaster the Magician (level 6, -2/59 HPs)
             Began as an Oni Air Elementalist on Feb 27, 2024.
             Killed from afar by Robin (5 damage)
             ... with a puff of flame
             ... on level 2 of the Dungeon.
             The game lasted 00:03:50 (2204 turns).

PriceMaster the Magician (Oni Air Elementalist)     Turns: 2204, Time: 00:03:50

Health: -2/59      AC:  3    Str: 13    XL:     6   Next: 0%
Magic:  3/13       EV: 10    Int: 16    God:
Gold:   67         SH:  0    Dex: 11    Spells: 8/14 levels left

rFire   . . .        l - +2 whip (vamp)
rCold   . . .        (no shield)
rNeg    + . .        a - +0 robe
rPois   .            (helmet restricted)
rElec   .            (no cloak)
rCorr   .            (gloves unavailable)
SInv    .            (boots unavailable)
Will    .....        c - amulet of faith
Stlth   ++           d - ring of positive energy
HPRegen 0.29/turn    (no ring)
MPRegen 0.13/turn

%: faith
@: swift (expiring), very quick
A: large, unfitting armour, horns 1, tough skin 1, double potion healing,
drunken brawling
a: no special abilities


You were on level 2 of the Dungeon.
You visited 1 branch of the dungeon, and saw 2 of its levels.

You collected 67 gold pieces.

Inventory:

Hand Weapons
 b - a +0 dagger
 j - a +0 scythe of flaming
 l - a +2 vampiric whip (weapon)
Armour
 a - a +0 robe (worn)
Jewellery
 c - an amulet of faith (around neck)
 d - a ring of positive energy (left hand)
 g - a ring of ice
Wands
 i - a wand of flame (16)
Scrolls
 e - a scroll of summoning {unknown}
 f - a scroll of fog {unknown}
 h - 4 scrolls of identify {unknown}
 k - a scroll of poison {unknown}


   Skills:
 * Level 2.4 Fighting
 + Level 0.8 Short Blades
 + Level 2.2 Dodging
 + Level 1.8 Stealth
 + Level 0.1 Unarmed Combat
 * Level 4.7 Spellcasting
 + Level 1.5 Conjurations
 + Level 3.4 Air Magic


You had 8 spell levels left.
You knew the following spells:

 Your Spells              Type           Power      Damage    Failure   Level
a - Shock                 Conj/Air       44%        1d5       6%          1
b - Static Discharge      Conj/Air       22%        3-4/arc   9%          2
c - Swiftness             Air            14%        N/A       12%         3

Your spell library contained the following spells:

 Spells                   Type           Power      Damage    Failure   Level
 Cigotuvi's Dreadful Rot  Necr/Alch/Air  14%        N/A       16%         2
 Airstrike                Air            7%         2d(1-17)  36%         4
 Dispel Undead            Necr           3%         3d7       83%         4
 Martyr's Knell           Necr/Summ      3%         N/A       83%         4
 Death Channel            Necr           1%         N/A       100%        6


Dungeon Overview and Level Annotations

Branches:
Dungeon (2/15)

Altars:

Annotations:
D:2 Robin


Innate Abilities, Weirdness & Mutations

You are too large for most types of armour.
You have a pair of small horns on your head.
You have tough skin. (AC +1)
You gain doubled healing and magic from potions.
Whenever you drink a healing potion, you attack all around you.


Message History

The zap hits Robin.
Robin is lightly wounded.
The zap misses the goblin.
Robin zaps a wand.
The puff of flame hits you.
* * * LOW HITPOINT WARNING * * *
Robin zaps a wand.
The puff of flame hits you!
* * * LOW HITPOINT WARNING * * *
Things that are here:
a +0 dagger of speed; a +0 club; a goblin corpse
Casting: Shock (safe; 6% risk of failure)
Confirm with . or Enter, or press ? or * to list all spells.
Robin is struck by an arc of lightning.
Robin is moderately wounded.
The goblin is struck by an arc of lightning.
You kill the goblin!
The lightning grounds out.
Robin hits you with a +0 dagger of freezing.
* * * LOW HITPOINT WARNING * * *
Robin freezes you.
* * * LOW HITPOINT WARNING * * *
You barely miss Robin. Your headbutt misses Robin.
Robin is moderately wounded.
Robin hits you with a +0 dagger of freezing.
* * * LOW HITPOINT WARNING * * *
Robin freezes you.
* * * LOW HITPOINT WARNING * * *
You hit Robin. Your headbutt misses Robin.
Robin is severely wounded.
Robin hits you but does no damage.
You hit Robin.
You feel better.
Robin is almost dead.
Robin hits you with a +0 dagger of freezing.
* * * LOW HITPOINT WARNING * * *
Robin freezes you.
* * * LOW HITPOINT WARNING * * *
You hit Robin.
You feel better.
Robin is almost dead.
You start to feel a little slower.
Robin zaps a wand.
The puff of flame hits you.
You die...
Robin lets out a smug laugh.

#.#############.###.#..#
..#.###########.# #.#..#
................# #.#..#
###################.#..#
..(.................#..#
#####################..#####
...........................#
#########################.##
..............).@g)...# #.#
#####################.# #.#
..........).....# #.#
###############.# #.#
..........#...#.# #.#
#########.#.#.#.# #.#
.......>........#.# #.#
#########.#..##.#.# #.#
#.#.....#.#######.#


You could see Robin.

Vanquished Creatures
  Sigmund (D:2)
  An adder (D:2)
  3 dart slugs
  8 endoplasms
  A giant cockroach (D:1)
  7 goblins
  8 hobgoblins
  3 jackals (D:1)
  2 quokkas (D:1)
  3 ball pythons
  2 bats
  2 frilled lizards (D:2)
  A kobold (D:1)
  2 rats
44 creatures vanquished.

Notes
Turn   | Place    | Note
-------+----------+-------------------------------------------
     0 | D:1      | PriceMaster the Oni Air Elementalist began the quest for
                  | the Orb.
     0 | D:1      | Reached XP level 1. HP: 16/16 MP: 3/3
    88 | D:1      | Reached XP level 2. HP: 21/24 MP: 0/5
   152 | D:1      | Learned a level 2 spell: Static Discharge
   163 | D:1      | Reached skill level 3 in Spellcasting
   393 | D:1      | Reached XP level 3. HP: 27/31 MP: 1/7
   506 | D:1      | Learned a level 3 spell: Swiftness
  1063 | D:2      | Reached skill level 1 in Fighting
  1299 | D:2      | Reached skill level 1 in Conjurations
  1566 | D:2      | Noticed Sigmund
  1581 | D:2      | Killed Sigmund
  1582 | D:2      | Reached skill level 4 in Spellcasting
  1582 | D:2      | Reached XP level 4. HP: 10/44 MP: 0/10
  1582 | D:2      | Reached XP level 5. HP: 11/50 MP: 0/12
  2184 | D:2      | Noticed Robin
  2197 | D:2      | Reached XP level 6. HP: 26/59 MP: 8/13
  2203 | D:2      | HP: 2/59 [Robin/+0 dagger of freezing (3)]
  2204 | D:2      | Killed from afar by Robin

Illustrated notes

Levels and vault maps discovered:
D:1:      sevenhm_arrival_forest_fort_small_6, layout_basic
D:2:      layout_basic, uniq_robin, uniq_sigmund

Skill      XL: |  1  2  3 |
---------------+----------+-----
Spellcasting   | 3 4 |  4.7
Fighting       | 2 |  2.4
Dodging        | 2 |  2.2
Conjurations   | 1 |  1.5
Air Magic      | 3 |  3.4
Short Blades   | |  0.8
Stealth        | |  1.8
Unarmed Combat | |  0.1

Action                     |  1- 3 |  4- 6 || total
---------------------------+-------+-------++-------
  Melee: Unarmed           |     6 |       ||     6
         Dagger            |    61 |       ||    61
         Headbutt          |    12 |       ||    12
         Punch             |     1 |       ||     1
         Whip              |       |    14 ||    14
         Halberd           |       |     1 ||     1
   Cast: Shock             |    44 |     1 ||    45
         Static Discharge  |     7 |     3 ||    10
         Swiftness         |     1 |     1 ||     2
    Use: Potion            |     1 |       ||     1
   Stab: Sleeping          |     1 |     1 ||     2
 Armour: Robe              |    58 |    23 ||    81
  Dodge: Dodged            |    58 |     4 ||    62
